 Dungeon Crawl Stone Soup version 0.25-a0-663-gace7076 (webtiles) character file.

Game seed: 6588798024505531400, levelgen mode: deterministic

2163 MrTaco21 the Basher (level 9, -1/51 HPs)
             Began as a Gargoyle Fighter on Mar 24, 2020.
             Slain by a killer bee (6 damage)
             ... on level 8 of the Dungeon.
             The game lasted 00:11:33 (5728 turns).

MrTaco21 the Basher (Gargoyle Fighter)              Turns: 5728, Time: 00:11:34

Health: -1/51      AC: 13    Str: 23    XL:     9   Next: 32%
Magic:  9/9        EV:  7    Int:  9    God:
Gold:   202        SH:  9    Dex:  9    Spells: 8/8 levels left

rFire    . . .     SeeInvis .   G - +4 mace (vorpal)
rCold    . . .     Gourm    .   c - +0 kite shield
rNeg     + . .     Faith    .   b - +0 scale mail
rPois    ∞         Spirit   .   i - +0 hat
rElec    +         Reflect  .   (no cloak)
rCorr    +         Harm     .   (no gloves)
MR       .....                  (no boots)
Stlth    ..........             (no amulet)
HPRegen  0.17/turn              a - ring of attention (curse)
MPRegen  0.11/turn              F - ring of resist corrosion

@: no status effects
A: negative energy resistance 1, electricity resistance, unbreathing,
petrification resistance, rot immunity, AC +6
a: no special abilities


You were on level 8 of the Dungeon.
You were not hungry.

You visited 1 branch of the dungeon, and saw 7 of its levels.
You also visited: Sewer.

You collected 202 gold pieces.

Inventory:

Hand Weapons
 f - a +1 whip of freezing
   (You took it off Pikel on level 4 of the Dungeon)
 G - a +4 vorpal mace (weapon)
   (You took it off an orc priest on level 8 of the Dungeon)
Missiles
 C - 21 poisoned darts (quivered)
Armour
 b - a +0 scale mail (worn)
 c - a +0 kite shield (worn)
 d - the +1 robe "Ufoizaosodgh" {+Inv rF++}
   (You found it on level 6 of the Dungeon)

   It greatly protects you from fire.
   It lets you turn invisible.
 i - a +0 hat (worn)
   (You found it on level 1 of the Dungeon)
 J - a +1 leather armour of fire resistance
   (You took it off an orc on level 8 of the Dungeon)
Jewellery
 a - a cursed ring of attention (left hand)
   (You found it on level 5 of the Dungeon)
 u - an uncursed ring of wizardry
   (You found it on level 2 of the Dungeon)
 F - a ring of resist corrosion (right hand)
   (You found it on level 4 of the Dungeon)
Wands
 j - a wand of polymorph (8)
   (You found it on level 6 of the Dungeon)
 t - a wand of flame (15)
   (You found it in a sewer)
 D - a wand of enslavement (8)
   (You found it on level 8 of the Dungeon)
Scrolls
 g - a scroll of random uselessness {unknown}
 k - 2 scrolls of fear
 m - 2 scrolls of magic mapping {unknown}
 n - 2 scrolls of amnesia
 o - 4 scrolls of teleportation {@r4}
 v - 3 scrolls of enchant armour
 A - 2 scrolls of enchant weapon
 E - 2 scrolls of blinking {unknown}
 I - a scroll of vulnerability {unknown}
Potions
 h - 3 potions of degeneration {unknown}
 l - 2 potions of curing {unknown}
 p - 2 potions of ambrosia {unknown}
 q - 2 potions of mutation {unknown}
 r - a potion of berserk rage {unknown}
 s - 2 potions of heal wounds {unknown}
 w - a potion of invisibility {unknown}
 x - 2 potions of flight {unknown}
 y - 2 potions of brilliance {unknown}
 z - a potion of stabbing {unknown}
 B - a potion of magic {unknown}
Comestibles
 e - 8 rations {!d}
 H - 8 chunks of flesh


   Skills:
 - Level 3.2 Fighting
 + Level 11.9 Maces & Flails
 - Level 3.2 Armour
 - Level 3.2 Shields


You had 8 spell levels left.
You didn't know any spells.
Your spell library was empty.

Dungeon Overview and Level Annotations

Branches:
Dungeon (6/15)              Sewer (visited)
 Temple: D:4-7

Altars:
Nemelex Xobeh
Sif Muna
Trog
Wu Jian
Xom
Zin

Shops:
D:5 [

Annotations:
D:4 1 runed translucent door, RedSky's ghost, amateur SpHu


Innate Abilities, Weirdness & Mutations

You are resistant to torment.
Your stone body is resilient. (AC +6)
You are immune to poison.
You resist negative energy. (rN+)
You are resistant to electric shocks. (rElec)
You can survive without breathing.
You are immune to petrification.
You are immune to rotting.


Message History

You block the killer bee's attack.
A killer bee comes into view.
You block the killer bee's attack.
You miss the killer bee.
The killer bee buzzes angrily.
You hear a shout! x2
The killer bee stings you. The killer bee closely misses you.
The killer bee barely misses you. The killer bee stings you.
You closely miss the killer bee. The killer bee stings you.
You miss the killer bee. You block the killer bee's attack.
The killer bee stings you but does no damage. x3
You block the killer bee's attack.
You miss the killer bee.
The killer bee stings you but does no damage.
You block the killer bee's attack. x2; The killer bee stings you.
A gnoll comes into view. It is wielding a +0 spear.
The killer bee stings you but does no damage.
You block the killer bee's attack.
The killer bee stings you but does no damage.
You thump the killer bee!
You kill the killer bee!
The killer bee stings you but does no damage. x2
The killer bee barely misses you.
The killer bee stings you but does no damage.
The killer bee barely misses you. You block the killer bee's attack. x2
You sock the killer bee! The killer bee stings you.
The killer bee stings you but does no damage. x2
The killer bee closely misses you. You block the killer bee's attack.
The killer bee stings you but does no damage.
You miss the killer bee. The killer bee stings you.
* * * LOW HITPOINT WARNING * * *
You block the killer bee's attack. x2; The killer bee stings you.
* * * LOW HITPOINT WARNING * * *
The killer bee stings you but does no damage.
A gnoll comes into view.
The killer bee closely misses you. x2; You block the killer bee's attack.
A killer bee comes into view.
The killer bee buzzes angrily.
The killer bee stings you but does no damage. x2
There is an open door here.
The killer bee stings you.
* * * LOW HITPOINT WARNING * * *
You block the killer bee's attack. The killer bee closely misses you.
The killer bee stings you.
* * * LOW HITPOINT WARNING * * *
The killer bee stings you.
* * * LOW HITPOINT WARNING * * *
The killer bee closely misses you. You block the killer bee's attack.
The killer bee closely misses you. The killer bee stings you.
You die...

#†..# #.######g###
#.......g..#
...#####.#.#
###.#.# #.yy..#
#..y..#
#...yy########
#.###.#@..........
..........########
#######.### #[#
#÷# #.# #.#
######## #.#
#.....(### #.#


You could see 5 killer bees and 2 gnolls.

Vanquished Creatures
  Pikel (D:4)
  The ghost of MrTaco21 the Basher, a novice GrFi (D:5)
  2 sky beasts (D:5)
  A centaur (D:2)
  3 ogres
  A crocodile (Sewer)
  A bullfrog (D:8)
  A killer bee (D:8)
  A howler monkey (D:4)
  A crimson imp (D:6)
  3 hounds
  A bullfrog skeleton (D:4)
  2 centaur skeletons
  2 orc priests
  3 orc wizards
  A worker ant (D:4)
  3 gnolls (D:4)
  5 adders
  2 oozes
  An adder skeleton (D:4)
  5 worms
  11 orcs
  5 ball pythons
  10 giant cockroaches
  7 goblins
  8 hobgoblins
  2 jackals (Sewer)
  15 kobolds
  4 quokkas
  2 bats
  7 frilled lizards
  9 rats
121 creatures vanquished.

Vanquished Creatures (others)
  5 dream sheep (D:4)
  A crimson imp (D:5)
  A leopard gecko (D:5)
  An orc (D:5)
  A frilled lizard (D:5)
9 creatures vanquished.

Grand Total: 130 creatures vanquished

Notes
Turn   | Place    | Note
-------+----------+-------------------------------------------
     0 | D:1      | MrTaco21 the Gargoyle Fighter began the quest for the Orb.
     0 | D:1      | Reached XP level 1. HP: 14/14 MP: 1/1
   161 | D:1      | Reached XP level 2. HP: 18/19 MP: 2/2
   490 | D:2      | Reached skill level 3 in Maces & Flails
   539 | D:2      | Reached XP level 3. HP: 22/23 MP: 3/3
   553 | D:2      | Noticed a centaur
   565 | D:2      | Killed a centaur
   565 | D:2      | Reached skill level 4 in Maces & Flails
   565 | D:2      | Reached XP level 4. HP: 15/28 MP: 4/4
   857 | D:2      | Reached skill level 5 in Maces & Flails
   857 | D:2      | Reached XP level 5. HP: 28/32 MP: 5/5
   935 | D:2      | Noticed an ogre
  1058 | D:2      | Found a shimmering altar of Xom.
  1059 | D:2      | Found an ornate altar of the Wu Jian Council.
  1062 | D:2      | Found a bloodstained altar of Trog.
  1207 | D:2      | Killed an ogre
  1248 | D:2      | Found a shimmering blue altar of Sif Muna.
  1345 | D:2      | Reached skill level 6 in Maces & Flails
  1346 | D:2      | Found a sparkling altar of Nemelex Xobeh.
  1510 | D:3      | Found a glowing drain.
  1521 | D:3      | Reached XP level 6. HP: 35/37 MP: 6/6
  1576 | Sewer    | Entered a sewer
  2281 | D:3      | Reached skill level 7 in Maces & Flails
  2658 | D:4      | Reached XP level 7. HP: 38/41 MP: 7/7
  3125 | D:4      | Reached skill level 8 in Maces & Flails
  3416 | D:4      | Found a runed translucent door.
  3420 | D:4      | Noticed RedSky's ghost (amateur SpHu)
  3636 | D:4      | Noticed a dream sheep
  3636 | D:4      | Noticed a dream sheep
  3636 | D:4      | Noticed a dream sheep
  3636 | D:4      | Noticed a dream sheep
  3636 | D:4      | Noticed a dream sheep
  3636 | D:4      | Found a shimmering altar of Xom.
  3640 | D:4      | Killed a dream sheep
  3640 | D:4      | Killed a dream sheep
  3641 | D:4      | Killed a dream sheep
  3641 | D:4      | Killed a dream sheep
  3641 | D:4      | Killed a dream sheep
  4139 | D:5      | Entered Level 5 of the Dungeon
  4139 | D:5      | Noticed Pikel
  4163 | D:4      | Killed Pikel
  4163 | D:4      | Reached skill level 10 in Maces & Flails
  4163 | D:4      | Reached XP level 8. HP: 12/46 MP: 8/8
  4418 | D:5      | Found Kos Fufa's Armour Shoppe.
  4559 | D:5      | Found a glowing silver altar of Zin.
  4836 | D:5      | Got a faintly humming leather armour
  4873 | D:5      | Identified the cursed +1 leather armour of the Hot Ocelot
                  | {rCorr} (You found it on level 5 of the Dungeon)
  4925 | D:5      | Found a large runed translucent door.
  4926 | D:5      | Found a large runed translucent door.
  4927 | D:5      | Noticed MrTaco21's ghost (novice GrFi)
  5245 | D:5      | Killed MrTaco21's ghost
  5245 | D:5      | Reached skill level 11 in Maces & Flails
  5245 | D:5      | Reached XP level 9. HP: 23/51 MP: 9/9
  5512 | D:6      | Got a tattered robe
  5537 | D:6      | Identified the +1 robe "Ufoizaosodgh" {+Inv rF++} (You
                  | found it on level 6 of the Dungeon)
  5577 | D:6      | You fall into a shaft and drop 2 floors!
  5728 | D:8      | Slain by a killer bee

Levels and vault maps discovered:
D:1:      eino_arrival_cavern_d, layout_rooms, minmay_misc_feat_hallway
D:2:      layout_rooms, led_sif_pool,
          chequers_temple_overflow_statue_of_worship, nemelex_dance_club_becter
D:3:      layout_loops_ring, portal_sewer_entry_a
D:4:      layout_gridville, ebering_ghost_sewer_d, chequers_mini_garden,
          kb_xom_exploding_sheep
D:5:      layout_loops_ring, lemuel_doored_altar, ebering_ghost_disaster_area,
          first_ration, serial_shops, nicolae_shop_behind_doors, uniq_pikel
D:6:      layout_gridville, kennysheep_mini, minmay_temple_entry_glass
D:8:      layout_loops_corners, serial_shops, nicolae_shop_behind_doors

Skill      XL: |  1  2  3  4  5  6  7  8 |
---------------+-------------------------+-----
Maces & Flails | 3 4 5 6 7 10 11 | 11.9
Fighting       | |  3.2
Armour         | |  3.2
Shields        | |  3.2

Action                   |  1- 3 |  4- 6 |  7- 9 || total
-------------------------+-------+-------+-------++-------
Melee: Flail             |    51 |   284 |   114 ||   449
       Whip              |       |       |   138 ||   138
       Mace              |       |       |    14 ||    14
Throw: Dart              |       |       |     4 ||     4
  Use: Scroll            |       |       |     8 ||     8
       Potion            |       |       |     1 ||     1
  Eat: Chunk             |       |     6 |     7 ||    13
       Ration            |       |       |     1 ||     1
Armor: Scale mail        |    26 |   155 |   115 ||   296
Dodge: Dodged            |    18 |    92 |    54 ||   164
Block: Kite shield       |    32 |   173 |    92 ||   297

Table legend:
 A = Non-vault XP
 B = Vault XP
 C = Vault XP percentage of total XP
 D = Non-vault monster count
 E = Vault monster count
 F = Vault count percentage of total count
                 A         B        C        D         E       F
            +---------+---------+-------+---------+---------+-------
      Total |    1786 |    1304 |  42.2 |     110 |      12 |   9.8
            +---------+---------+-------+---------+---------+-------
        D:1 |      17 |       0 |   0.0 |      12 |       0 |   0.0
        D:2 |     283 |      10 |   3.4 |      23 |       2 |   8.0
        D:3 |     163 |       4 |   2.4 |      37 |       2 |   5.1
        D:4 |     435 |     706 |  61.9 |      21 |       1 |   4.5
        D:5 |     480 |     470 |  49.5 |       8 |       1 |  11.1
        D:6 |     212 |       0 |   0.0 |       4 |       0 |   0.0
        D:8 |     196 |       0 |   0.0 |       5 |       0 |   0.0
      Sewer |       0 |     114 | 100.0 |       0 |       6 | 100.0
            +---------+---------+-------+---------+---------+-------
